 Dungeon Crawl Stone Soup version 0.31-a0-486-g8d68a81214 (webtiles) character file.

Game seed: 12724104895702230902

5226 javelincjr the Trooper (level 10, -8/81 HPs)
             Began as a Demonspawn Fighter on Aug 7, 2023.
             Was a Follower of Ashenzari.
             Mangled by a two-headed ogre
             ... wielding a +0 giant club
             ... summoned by an orange crystal statue
              (18 damage)
             ... on level 8 of the Dungeon.
             The game lasted 00:41:14 (8635 turns).

javelincjr the Trooper (Demonspawn Fighter)         Turns: 8635, Time: 00:41:16

Health: -8/81      AC: 18    Str: 22      XL:     10   Next: 35%
Magic:  0/12       EV: 12    Int:  6 (9)  God:    Ashenzari [*.....]
Gold:   373        SH:  0    Dex: 12      Spells: 11/11 levels left

rFire   . . .        a - +2 trident
rCold   . . .        (no shield)
rNeg    . . .        n - +4 scale mail
rPois   .            (no helmet)
rElec   .            m - +1 cloak {Stlth+}
rCorr   +            u - +0 pair of gloves
SInv    .            (no boots)
Will    .....        g - amulet of the Cryptic Negation {Spirit, Fort, Cun} (curse)
Stlth   +            t - ring "Moon of the Astral Seer" {rCorr, Self, Range} (curse)
HPRegen 0.33/turn    (no ring)
MPRegen 0.26/turn

%: guardian spirit
@: mighty, lethally poisoned (-8 -> -15)
A: molten scales 2, magic regeneration, demonic touch 2
a: Renounce Religion, Shatter the Chains


You were on level 8 of the Dungeon.
You worshipped Ashenzari.
Ashenzari was aware of your devotion.
You visited 1 branch of the dungeon, and saw 8 of its levels.

You collected 373 gold pieces.

Inventory:

Hand Weapons
 a - a +2 trident (weapon)
 o - a +3 quarterstaff of chaos
 F - a +0 spear of venom
Missiles
 k - 11 poisoned darts (quivered)
 v - 8 boomerangs
 y - 10 throwing nets
Armour
 d - a scarf of repulsion
 h - a +0 plate armour
 m - a +1 cloak of stealth (worn)
 n - a +4 scale mail (worn)
 p - a +2 cloak
 u - a +0 pair of gloves (worn)
 A - +0 steam dragon scales
 B - a +0 scale mail of poison resistance
 G - a +0 kite shield
Jewellery
 g - the cursed amulet of the Cryptic Negation (around neck) {Spirit, Fort, Cun}
   (You found it on level 1 of the Dungeon)

   [amulet of guardian spirit]

   It causes incoming damage to be divided between your reserves of health and
   magic.
   It has a curse which improves the following skills: Fortitude: Armour and
   Shields.
   Cunning:   Dodging and Stealth.
 t - the cursed ring "Moon of the Astral Seer" (left hand) {rCorr, Self, Range}
   (You found it on level 4 of the Dungeon)

   [ring of resist corrosion]

   rCorr:     It protects you from acid and corrosion.
   It has a curse which improves the following skills: Introspection: Fighting
   and Spellcasting.
   Ranged Combat: Ranged Weapons and Throwing.
 I - an amulet of regeneration
Wands
 s - a wand of mindburst (17)
Scrolls
 b - a scroll of amnesia
 e - 8 scrolls of teleportation
 j - a scroll of noise
 q - 4 scrolls of poison
 r - 4 scrolls of identify
 C - 5 scrolls of fear
 D - a scroll of silence
 E - a scroll of blinking
Potions
 f - a potion of invisibility
 i - 2 potions of might
 l - a potion of curing
 w - a potion of enlightenment
 x - a potion of resistance
 z - 2 potions of haste
 H - a potion of ambrosia


   Skills:
 + Level 7.5(8.3) Fighting
 + Level 6.5 Polearms
 + Level 6.8(7.6) Armour
 + Level 6.1(6.9) Dodging
 + Level 6.8(7.6) Shields
 - Level 1.0(1.4) Spellcasting


You had 11 spell levels left.
You didn't know any spells.
Your spell library contained the following spells:

 Spells                   Type           Power      Damage    Failure   Level
 Cause Fear               Hex            0%         N/A       100%        4
 Fireball                 Conj/Fire      0%         3d3       100%        5
 Dragon's Call            Summ           0%         N/A       100%        9


Dungeon Overview and Level Annotations

Branches:
Dungeon (8/15)             Temple (0/1) D:7
   Lair: D:8-11

Altars:
Ashenzari
Fedhas
Gozag
Uskayaw
Xom

Shops:
D:4 :

Annotations:
D:8 exclusion: orange crystal statue


Innate Abilities, Weirdness & Mutations

You are mostly covered in molten scales. (AC +3)
You regenerate magic rapidly.
Your touch may inflict irresistible damage on your foes.


Message History

The sky beast hits you but does no damage.
You hit the orange crystal statue but do no damage.
The orange crystal statue is heavily damaged.
You hit the orange crystal statue.
The orange crystal statue is heavily damaged.
The orc wizard misses you. The orc hits you but does no damage.
The orc wizard barely misses you.
The orc wizard casts a spell.
The orc wizard flickers and vanishes!
Deactivating autopickup; reactivate with Ctrl-A.
The sky beast hits you but does no damage.
The two-headed ogre hits you with a +0 giant club!
The two-headed ogre barely misses you.
You feel very mighty all of a sudden.
The orc wizard points at you and mumbles some strange words.
The magic dart hits you but does no damage.
The orc barely misses you.
The orc wizard hits you but does no damage.
You are poisoned.
The sky beast misses you.
You hit the orange crystal statue but do no damage.
You touch the orange crystal statue.
The orange crystal statue is severely damaged.
You feel sick. The orc wizard casts a spell at you. The puff of flame hits you!
The orc closely misses you.
The orc wizard hits you but does no damage.
You are more poisoned.
The two-headed ogre hits you with a +0 giant club!
The two-headed ogre hits you with a +0 giant club!!
* * * LOW HITPOINT WARNING * * *
The sky beast hits you but does no damage.
You hit the orange crystal statue.
The orange crystal statue is severely damaged.
You feel sick. The orc wizard closely misses you. The orc closely misses you.
The orc wizard closely misses you. The sky beast closely misses you.
The two-headed ogre hits you with a +0 giant club!
* * * LOW HITPOINT WARNING * * *
The two-headed ogre hits you with a +0 giant club!!
You die...

** #..#...#.#..,
..#..., #.# **,
##....###.#### ###
#.# , #.........#
#.# * , *
##...###### , #.# ~
#...# ### ,,#.#
~~~#.+## ##|## * ,
#.# ## ~ #.>)#
##...## * ,#)#
##.#####...###.o8o(#
, , #.#
............#.{o@.##
,,#)#
####...........OY##
, **#.#
#............## ,,
#.. #...........##
,, ### ####.......##
,,,* # #......## ,,
* #######....#.# , *
...........### , , *
#######....# ,,,,


You could see an orange crystal statue, a two-headed ogre (summoned), a sky
beast (summoned), 2 orc wizards and an orc (summoned).

Vanquished Creatures
  Grinder (D:4)
  A hornet (D:8)
  Sigmund (D:6)
  9 yaks
  Grum (D:7)
  2 steam dragons
  An ice beast (D:6)
  2 sky beasts
  2 black bears
  3 wolves (D:7)
  An ogre (D:5)
  3 gnoll sergeants (D:7)
  3 scorpions
  7 wights
  A howler monkey (D:6)
  18 hounds
  Crazy Yiuf (D:2)
  A sleepcap (D:4)
  4 orc priests
  A jelly (D:5)
  2 gnoll boudas (D:7)
  4 iguanas (D:6)
  5 orc wizards
  29 gnolls
  7 adders
  A shadow imp (D:7)
  2 white imps
  4 worms
  4 dart slugs
  30 orcs
  5 ball pythons
  9 bats
  11 endoplasms
  A giant cockroach (D:1)
  6 goblins
  13 hobgoblins
  6 jackals
  4 quokkas
  2 frilled lizards
  2 goblin skeletons (D:3)
  2 goblin zombies (D:3)
  2 hobgoblin zombies (D:3)
  4 kobolds
  3 kobold skeletons (D:3)
  3 orc skeletons (D:3)
  A rat (D:1)
225 creatures vanquished.

Vanquished Creatures (others)
  A sky beast (D:7)
  2 orcs (D:7)
  A jackal (D:7)
  A butterfly (D:4)
5 creatures vanquished.

Grand Total: 230 creatures vanquished

Notes
Turn   | Place    | Note
-------+----------+-------------------------------------------
     0 | D:1      | javelincjr the Demonspawn Fighter began the quest for the
                  | Orb.
     0 | D:1      | Reached XP level 1. HP: 18/18 MP: 1/1
   165 | D:1      | Gained mutation: Your touch may inflict minor irresistible
                  | damage on your foes. [demonic ancestry]
   165 | D:1      | Reached XP level 2. HP: 24/24 MP: 2/2
   865 | D:2      | Reached XP level 3. HP: 24/29 MP: 3/3
   919 | D:2      | Reached skill level 1 in Dodging
  1113 | D:2      | Found a runed translucent door.
  1114 | D:2      | Noticed Crazy Yiuf
  1124 | D:2      | Killed Crazy Yiuf
  1125 | D:2      | Gained mutation: You regenerate magic rapidly. [demonic
                  | ancestry]
  1125 | D:2      | Reached XP level 4. HP: 20/35 MP: 2/4
  1362 | D:2      | Found a faded altar of an unknown god.
  1394 | D:2      | Prayed at the altar of an unknown god.
  1394 | D:2      | Became a worshipper of Ashenzari the Shackled
  1817 | D:3      | Reached XP level 5. HP: 40/42 MP: 5/5
  2661 | D:4      | Reached * piety under Ashenzari
  2828 | D:4      | Reached skill level 4 in Fighting
  2840 | D:4      | Reached XP level 6. HP: 45/49 MP: 5/7
  2897 | D:4      | Reached skill level 1 in Spellcasting
  2939 | D:4      | Noticed Grinder
  2946 | D:4      | Paralysed by Grinder for 2 turns
  2954 | D:4      | Paralysed by Grinder for 3 turns
  2965 | D:4      | Paralysed by Grinder for 5 turns
  2970 | D:4      | Killed Grinder
  2971 | D:4      | Gained mutation: Your touch may inflict irresistible damage
                  | on your foes. [demonic ancestry]
  2971 | D:4      | Reached XP level 7. HP: 12/56 MP: 2/9
  3186 | D:4      | Found Xyer's Book Shoppe.
  3412 | D:4      | Found a blossoming altar of Fedhas.
  3595 | D:5      | Entered Level 5 of the Dungeon
  3842 | D:5      | Reached skill level 5 in Fighting
  3885 | D:5      | Identified the +0 robe of the Exiled Olives {Drain Dex+6}
  3897 | D:5      | Gained mutation: You are partially covered in molten
                  | scales. (AC +2) [demonic ancestry]
  3897 | D:5      | Reached XP level 8. HP: 50/64 MP: 8/10
  4798 | D:6      | Reached skill level 5 in Armour
  4798 | D:6      | Reached skill level 5 in Shields
  4809 | D:6      | Reached ** piety under Ashenzari
  4896 | D:6      | Noticed Sigmund
  4903 | D:6      | Killed Sigmund
  5353 | D:6      | Reached skill level 6 in Fighting
  5353 | D:6      | Reached skill level 5 in Polearms
  5365 | D:6      | HP: 3/67 [yak (5)]
  5369 | D:6      | Reached XP level 9. HP: 16/72 MP: 2/11
  5684 | D:7      | HP: 5/108 [gnoll/+0 flail (5)]
  5686 | D:7      | Reached skill level 5 in Dodging
  6073 | D:7      | Found a staircase to the Ecumenical Temple.
  6119 | D:7      | HP: 2/74 [wolf (3)]
  6407 | D:7      | Reached skill level 7 in Fighting
  6949 | D:7      | Gained mutation: You are mostly covered in molten scales.
                  | (AC +3) [demonic ancestry]
  6949 | D:7      | Reached XP level 10. HP: 58/80 MP: 10/12
  7107 | D:7      | Found a shimmering altar of Xom.
  7111 | D:7      | Found a hide-covered altar of Uskayaw.
  7116 | D:7      | Found an opulent altar of Gozag.
  7524 | D:7      | Noticed Grum
  7527 | D:7      | Killed Grum
  8008 | D:8      | Paralysed by a hornet for 2 turns
  8017 | D:8      | Paralysed by a hornet for 1 turns
  8023 | D:8      | Paralysed by a hornet for 2 turns
  8029 | D:8      | HP: 4/82 [poisoned by a hornet]
  8612 | D:8      | Noticed an orange crystal statue
  8630 | D:8      | Noticed a two-headed ogre
  8635 | D:8      | Mangled by a two-headed ogre

Illustrated notes

Levels and vault maps discovered:
D:1:      minmay_arrival_five_plusses, layout_basic, minivault_26
D:2:      layout_loops_ring, basic_ecumenical_altar, minmay_door_square,
          uniq_crazy_yiuf_cottage
D:3:      layout_basic, nicolae_tso_besieged_by_evil, minmay_cut_off
D:4:      layout_basic, lemuel_round_altar, nicolae_elyvilon_peaceful_grove,
          serial_shops, shop, due_unseen_surprise, uniq_grinder
D:5:      layout_basic
D:6:      layout_gridville, dreamdust_gnoll_farm, uniq_sigmund
D:7:      layout_cave_pools, grunt_temple_overflow_diamond,
          minmay_temple_entry_waves, serial_gnoll_camp,
          gnoll_camp_mini_doghouse, grums_kennel, gnoll_camp_huts_basic,
          gnoll_camp_medium_02, gnoll_camp_mini_hut, nicolae_letterblocks
          [nicolae_letter_subblock, nicolae_letter_subblock,
          nicolae_letter_subblock, nicolae_letter_subblock,
          nicolae_letter_subblock, nicolae_letter_subblock,
          nicolae_letter_subblock, nicolae_letter_subblock,
          nicolae_letter_subblock, nicolae_letter_subblock,
          nicolae_letter_subblock, nicolae_letter_subblock,
          nicolae_letter_subblock, nicolae_letter_subblock,
          nicolae_letter_subblock, nicolae_letter_subblock,
          nicolae_letter_subblock, nicolae_letter_subblock,
          nicolae_letter_subblock, nicolae_letter_subblock,
          nicolae_letter_subblock, nicolae_letter_subblock,
          nicolae_letter_subblock, nicolae_letter_subblock,
          nicolae_letter_subblock]
D:8:      minmay_separated_statues, layout_basic, cheibrodos_worm_habitat,
          uniq_grum

Skill      XL: |  1  2  3  4  5  6  7  8  9 10 |
---------------+-------------------------------+-----
Polearms       | 2 3 4 5 6 |  6.5
Armour         | 3 4 5 6 |  6.8
Shields        | 3 4 5 6 |  6.8
Dodging        | 1 2 3 4 5 6 |  6.1
Fighting       | 4 5 6 7 |  7.5
Spellcasting   | 1 |  1.0

Action                     |  1- 3 |  4- 6 |  7- 9 | 10-12 || total
---------------------------+-------+-------+-------+-------++-------
  Melee: Trident           |    82 |   191 |   553 |   199 ||  1025
         Touch             |       |       |       |    11 ||    11
  Throw: Dart              |       |     1 |     6 |     1 ||     8
 Invoke: Curse Item        |       |     2 |     1 |       ||     3
         Shatter the Chain |       |       |       |     1 ||     1
    Use: Potion            |       |     2 |     4 |     1 ||     7
         Scroll            |       |       |     2 |     1 ||     3
   Stab: Sleeping          |     1 |       |       |       ||     1
 Armour: Scale mail        |    33 |    80 |   265 |    99 ||   477
  Dodge: Dodged            |    32 |    56 |   322 |   115 ||   525
  Block: Buckler           |    12 |    24 |   154 |    44 ||   234

Table legend: (Time is in decaauts)
 A = Elapsed time spent in this place.
 B = Non-inter-level travel time spent in this place.
 C = Inter-level travel time spent in this place.
 D = Time resting spent in this place.
 E = Time spent auto-exploring this place.
 F = Levels seen in this place.
 G = Mean time per level.
                   A        B        C        D        E       F      G
               +--------+--------+--------+--------+--------+-----+--------+
         Total |   8712 |   8525 |    187 |   1097 |   5393 |   8 | 1089.0 |
       Dungeon |   8712 |   8525 |    187 |   1097 |   5393 |   8 | 1089.0 |
               +--------+--------+--------+--------+--------+-----+--------+

Top non-repeatable levels by time:
     D:7: 2083 daAuts
     D:6: 1223 daAuts
     D:3: 1031 daAuts
     D:5: 987 daAuts
     D:4: 969 daAuts
     D:2: 876 daAuts
     D:1: 776 daAuts
     D:8: 764 daAuts
